 Dungeon Crawl Stone Soup version 0.24.0-123-gd5b16e6ec5 (webtiles) character file.

Game seed: 12935764240502632193, levelgen mode: deterministic

59 Martska the Chiller (level 4, -1/32 HPs)
             Began as a Merfolk Ice Elementalist on Jan 31, 2020.
             Slain by an adder (4 damage)
             ... on level 2 of the Dungeon.
             The game lasted 00:05:28 (1857 turns).

Martska the Chiller (Merfolk Ice Elementalist)      Turns: 1857, Time: 00:05:28

Health: -1/32      AC:  2    Str:  8    XL:     4   Next: 3%
Magic:  1/7        EV: 14    Int: 14    God:
Gold:   145        SH:  0    Dex: 15    Spells: 6/7 levels left

rFire    . . .     SeeInvis .   b - +0 short sword
rCold    . . .     Gourm    .   (no shield)
rNeg     + . .     Faith    .   a - +0 robe
rPois    .         Spirit   .   (no helmet)
rElec    .         Reflect  .   (no cloak)
rCorr    .         Harm     .   (no gloves)
MR       .....                  (no boots)
Stlth    ++........             (no amulet)
HPRegen  0.10/turn              k - ring of positive energy
MPRegen  0.10/turn              o - ring of flight

@: no status effects
A: change form in water, swift swim, stealthy swim
a: Evoke Flight


You were on level 2 of the Dungeon.
You were hungry.

You visited 1 branch of the dungeon, and saw 3 of its levels.

You collected 145 gold pieces.

Inventory:

Hand Weapons
 b - a +0 short sword (weapon)
Armour
 a - a +0 robe (worn)
Jewellery
 k - a ring of positive energy (left hand)
 o - a ring of flight (right hand)
 q - a +5 ring of intelligence {unknown}
 s - an uncursed ring of flight
Scrolls
 i - a scroll of fog {unknown}
 m - a scroll of blinking {unknown}
 p - a scroll of enchant armour {unknown}
 r - a scroll of identify {unknown}
Potions
 e - a potion of haste {unknown}
 f - a potion of mutation {unknown}
 g - a potion of resistance {unknown}
 j - a potion of lignification {unknown}
 l - a potion of berserk rage {unknown}
 n - a potion of agility {unknown}
Comestibles
 c - 3 rations


   Skills:
 + Level 1.4 Fighting
 + Level 3.4 Dodging
 + Level 2.9 Stealth
 + Level 2.4 Spellcasting
   Level 0.7 Conjurations
 + Level 3.7 Ice Magic


You had 6 spell levels left.
You knew the following spells:

 Your Spells              Type           Power        Failure   Level  Hunger
a - Freeze                Ice            ##..         4%          1    #......

Your spell library contained the following spells:

 Spells                   Type           Power        Failure   Level  Hunger
 Throw Frost              Conj/Ice       #.....       14%         2    ###....
 Ozocubu's Armour         Chrm/Ice       #.......     32%         3    ###....
 Throw Icicle             Conj/Ice       #.......     65%         4    #####..
 Summon Ice Beast         Ice/Summ       #.......     71%         4    #####..


Dungeon Overview and Level Annotations

Branches:
Dungeon (3/15)

Altars:
Elyvilon


Message History

Found a ring of flight.
Found a stone staircase leading up.
A giant cockroach comes into view.
The adder barely misses you.
There is a stone staircase leading up here.
The adder misses you.
You climb upwards.
A frilled lizard comes into view.
The frilled lizard hisses angrily.
The frilled lizard barely misses you.
There is a stone staircase leading down here.
Casting: Freeze (safe; 4% risk of failure)
Confirm with . or Enter, or press ? or * to list all spells.
Aiming: Freeze (safe; 4% risk of failure)
Press: ? - help, Shift-Dir - straight line, f - adder
Aim: an adder You freeze the adder.
The adder is heavily wounded.
The adder seems to slow down.
The frilled lizard closely misses you. The adder bites you.
You die... ####### #S@...# #l##### #. #. #. #. #. #.

You could see an adder and a frilled lizard.

Vanquished Creatures
  A gnoll (D:3)
  2 worms (D:2)
  2 dart slugs
  A ball python (D:1)
  8 bats
  3 giant cockroaches
  3 goblins (D:2)
  5 hobgoblins
  2 jackals (D:2)
  4 kobolds
  A quokka (D:2)
  2 frilled lizards
  A rat (D:1)
35 creatures vanquished.

Notes
Turn   | Place    | Note
-------+----------+-------------------------------------------
     0 | D:1      | Martska the Merfolk Ice Elementalist began the quest for
                  | the Orb.
     0 | D:1      | Reached XP level 1. HP: 13/13 MP: 3/3
    58 | D:1      | Reached XP level 2. HP: 15/20 MP: 3/5
   554 | D:2      | Reached skill level 1 in Fighting
   570 | D:2      | Found a white marble altar of Elyvilon.
   625 | D:2      | Reached XP level 3. HP: 26/26 MP: 6/6
  1837 | D:3      | Reached XP level 4. HP: 12/32 MP: 2/7
  1839 | D:3      | HP: 1/32 [gnoll/+0 whip (11)]
  1857 | D:2      | Slain by an adder

Levels and vault maps discovered:
D:1:      saegor_arrival_simple_a, layout_basic
D:2:      layout_basic, overflow_temple_1_default
D:3:      layout_basic, first_ration, minmay_rat_hole

Skill      XL: |  1  2 |
---------------+-------+-----
Dodging        | 3 |  3.4
Fighting       | 1 |  1.4
Stealth        | |  2.9
Spellcasting   | |  2.4
Conjurations   | |  0.7
Ice Magic      | |  3.7

Action                   |  1- 3 |  4- 6 || total
-------------------------+-------+-------++-------
Melee: Short sword       |    67 |       ||    67
 Cast: Freeze            |    37 |     4 ||    41
  Use: Scroll            |       |     2 ||     2
 Stab: Sleeping          |     1 |       ||     1
       Distracted        |     1 |       ||     1
  Eat: Chunk             |     3 |       ||     3
Armor: Robe              |    18 |       ||    18
Dodge: Dodged            |    53 |    11 ||    64
